 Seeded DCSS version 0.31-a0-210-gccc998df9b (webtiles) character file.

Game seed: 8113056780134302019 (custom seed)

1445 innerfire43 the Protected (level 8, -1/64 HPs)
             Began as a Demonspawn Monk on June 30, 2023.
             Slain by a gnoll sergeant
             ... wielding a +0 spear
              (10 damage)
             ... on level 6 of the Dungeon.
             The game lasted 00:05:25 (4574 turns).

innerfire43 the Protected (Demonspawn Monk)         Turns: 4574, Time: 00:05:26

Health: -1/64      AC:  9    Str: 13    XL:     8   Next: 46%
Magic:  8/8        EV: 14    Int: 14    God:
Gold:   216        SH:  0    Dex: 16    Spells: 7/7 levels left

rFire   + . .        v - +0 war axe
rCold   . . .        d - orb {light}
rNeg    + + +        o - +1 robe {Will+}
rPois   .            h - +0 helmet
rElec   .            t - +0 cloak
rCorr   .            f - +0 pair of gloves of Ycacoh {+Inv rF+ rN+++ Int+2}
SInv    .            (no boots)
Will    +....        (no amulet)
Stlth   +            (no ring)
HPRegen 0.30/turn    (no ring)
MPRegen 0.11/turn

%: no passive effects
@: glowing, studying Armour
A: thin metallic scales 1, demonic guardian 1, powered by death 1, demonic touch
2
a: Evoke Invisibility


You were on level 6 of the Dungeon.
You visited 1 branch of the dungeon, and saw 6 of its levels.

You collected 216 gold pieces.

Inventory:

Hand Weapons
 a - a +0 hand axe
 v - a +0 war axe (weapon)
Armour
 b - a +0 robe
 d - an orb of light (worn)
 f - the +0 pair of gloves of Ycacoh (worn) {+Inv rF+ rN+++ Int+2}
   (You acquired it on level 4 of the Dungeon)

   Int:       It affects your intelligence (+2).
   rF:        It protects you from fire.
   rN:        It renders you almost immune to negative energy.
   +Inv:      It lets you turn invisible.
 h - a +0 helmet (worn)
 o - a +1 robe of willpower (worn)
 t - a +0 cloak (worn)
Jewellery
 e - a ring of see invisible
 l - a ring of protection from fire
 m - a ring of ice
Scrolls
 c - a scroll of amnesia {unknown}
 g - 2 scrolls of vulnerability {unknown}
 i - 5 scrolls of teleportation {unknown}
 j - a scroll of blinking {unknown}
 n - a scroll of fear {unknown}
 q - a scroll of torment {unknown}
 s - 2 scrolls of fog
 u - a scroll of enchant weapon {unknown}
 y - 2 scrolls of identify {unknown}
 z - a scroll of revelation {unknown}
Potions
 k - a potion of degeneration {unknown}
 p - a potion of enlightenment {unknown}
 r - a potion of attraction {unknown}
 w - a potion of haste {unknown}
 x - 3 potions of resistance {unknown}


   Skills:
 + Level 5.7 Fighting
 + Level 5.1 Axes
 * Level 8.1 Armour
 + Level 5.1 Dodging


You had 7 spell levels left.
You didn't know any spells.
Your spell library contained the following spells:

 Spells                   Type           Power      Damage    Failure   Level
 Slow                     Hex            0%         N/A       28%         1
 Ensorcelled Hibernation  Hex/Ice        0%         N/A       41%         2
 Poisonous Vapours        Pois/Air       0%         N/A       41%         2
 Confusing Touch          Hex            0%         N/A       65%         3
 Mephitic Cloud           Conj/Pois/Air  0%         N/A       65%         3
 Spider Form              Tmut/Pois      0%         N/A       65%         3
 Vampiric Draining        Necr           0%         2d6       65%         3
 Anguish                  Hex/Necr       0%         N/A       96%         4
 Freezing Cloud           Conj/Ice/Air   0%         6-21      100%        5


Dungeon Overview and Level Annotations

Branches:
Dungeon (6/15)
 Temple: D:4-7

Altars:
Hepliaklqana
Kikubaaqudgha
Vehumet

Shops:
D:1 ?


Innate Abilities, Weirdness & Mutations

You are partially covered in thin metallic scales. (AC +2)
A weak demonic guardian rushes to your aid.
You regenerate a little health from kills.
Your touch may inflict irresistible damage on your foes.


Message History

The gnoll sergeant blocks your ufetubus's attack.
Your ufetubus hits the gnoll sergeant.
You hit the gnoll sergeant but do no damage.
The gnoll sergeant is moderately wounded.
Your ufetubus barely misses the gnoll sergeant.
Your ufetubus hits the gnoll sergeant but does no damage.
The gnoll sergeant barely misses you.
The gnoll sergeant blocks your ufetubus's attack. x2
The gnoll sergeant closely misses you.
You slash the gnoll sergeant!
The gnoll sergeant is severely wounded.
Your ufetubus hits the gnoll sergeant but does no damage. x2
The gnoll sergeant hits your ufetubus with a +0 spear!
Your ufetubus dies!
Your ufetubus disappears in a puff of smoke!
Unknown command.
The gnoll sergeant blocks your attack.
The gnoll sergeant is severely wounded.
The gnoll sergeant hits you but does no damage.
Unknown command.
The gnoll sergeant blocks your attack.
The gnoll sergeant is severely wounded.
The gnoll sergeant closely misses you.
Unknown command.
You hit the gnoll sergeant but do no damage.
The gnoll sergeant is severely wounded.
The gnoll sergeant barely misses you.
The gnoll sergeant hits you with a +0 spear.
* * * LOW HITPOINT WARNING * * *
A demonic guardian appears!
You hit the gnoll sergeant.
The gnoll sergeant is severely wounded.
The gnoll sergeant hits you with a +0 spear.
* * * LOW HITPOINT WARNING * * *
Unknown command.
You hit the gnoll sergeant but do no damage.
The gnoll sergeant is severely wounded.
The gnoll sergeant blocks your ufetubus's attack. x2
The gnoll sergeant hits you with a +0 spear!
You die...

#...._.....##(
#..#...#...... #
##.###.###.###.
##.#######...#...#..####
........##..............
..............##.#######
######.########.# ###)#
#.# #.g@# #.# #...5..#
#.# .........=.# ..#
............. ...
###........#.)>
##......## .. ##....## .
##.#.#


You could see a gnoll sergeant (ally target) and a friendly ufetubus (summoned).

Vanquished Creatures
  Grinder (D:3)
  A water moccasin (D:5)
  2 black bears
  An ice beast (D:5)
  2 ogres (D:5)
  2 wights (D:5)
  A howler monkey (D:4)
  A hound (D:5)
  A jelly (D:5)
  7 iguanas
  8 gnolls
  9 adders
  An ufetubus (D:5)
  3 worms
  4 dart slugs
  8 orcs
  10 bats
  6 endoplasms
  5 giant cockroaches
  7 goblins
  A hobgoblin (D:3)
  6 kobolds
  2 quokkas
  9 ball pythons
  A frilled lizard (D:3)
  3 rats
102 creatures vanquished.

Vanquished Creatures (collateral kills)
  A wight (D:5)
  An adder (D:5)
2 creatures vanquished.

Grand Total: 104 creatures vanquished

Notes
Turn   | Place    | Note
-------+----------+-------------------------------------------
     0 | D:1      | innerfire43 the Demonspawn Monk began the quest for the
                  | Orb.
     0 | D:1      | Reached XP level 1. HP: 18/18 MP: 1/1
    51 | D:1      | Found Ponycs's Magic Scroll Shop.
    93 | D:1      | Gained mutation: Your touch may inflict minor irresistible
                  | damage on your foes. [demonic ancestry]
    93 | D:1      | Reached XP level 2. HP: 22/24 MP: 2/2
   265 | D:1      | HP: 1/24 [gnoll/+0 whip (3)]
   277 | D:1      | Reached XP level 3. HP: 29/29 MP: 3/3
   532 | D:2      | Identified a scroll of acquirement
   532 | D:2      | Acquired a manual of Armour
   639 | D:2      | Reached skill level 1 in Armour
   639 | D:2      | Gained mutation: You are partially covered in thin metallic
                  | scales. (AC +2) [demonic ancestry]
   639 | D:2      | Reached XP level 4. HP: 29/37 MP: 4/4
  1364 | D:2      | You fall into a shaft and drop 2 floors!
  1365 | D:4      | Acquired the +0 pair of gloves of Ycacoh {+Inv rF+ rN+++
                  | Int+2}
  1531 | D:4      | Found an ancient bone altar of Kikubaaqudgha.
  1548 | D:3      | Reached skill level 2 in Armour
  1721 | D:3      | Noticed Grinder
  1732 | D:3      | Paralysed by Grinder for 4 turns
  1743 | D:3      | Paralysed by Grinder for 3 turns
  1748 | D:3      | Killed Grinder
  1749 | D:3      | Reached skill level 4 in Armour
  1749 | D:3      | Gained mutation: Your touch may inflict irresistible damage
                  | on your foes. [demonic ancestry]
  1749 | D:3      | Reached XP level 5. HP: 28/43 MP: 5/5
  1749 | D:3      | Reached XP level 6. HP: 32/49 MP: 6/6
  3275 | D:5      | Entered Level 5 of the Dungeon
  3277 | D:5      | Noticed a water moccasin
  3290 | D:5      | Killed a water moccasin
  3291 | D:5      | Reached skill level 5 in Armour
  3291 | D:5      | Gained mutation: A weak demonic guardian rushes to your
                  | aid. [demonic ancestry]
  3291 | D:5      | Reached XP level 7. HP: 14/55 MP: 7/7
  3524 | D:5      | Reached skill level 6 in Armour
  3646 | D:5      | Reached skill level 5 in Fighting
  3787 | D:5      | Reached skill level 7 in Armour
  3787 | D:5      | Gained mutation: You regenerate a little health from kills.
                  | [demonic ancestry]
  3787 | D:5      | Reached XP level 8. HP: 26/62 MP: 8/8
  3787 | D:5      | Found a hazy altar of Hepliaklqana.
  4154 | D:5      | Reached skill level 5 in Axes
  4180 | D:5      | Reached skill level 5 in Dodging
  4446 | D:6      | Reached skill level 8 in Armour
  4520 | D:6      | Found a radiant altar of Vehumet.
  4574 | D:6      | Slain by a gnoll sergeant

Illustrated notes

Levels and vault maps discovered:
D:1:      roderic_crossed_star, layout_rooms, serial_shops, nicolae_diamond_shop
D:2:      layout_loops_cross
D:3:      layout_basic, uniq_grinder
D:4:      layout_basic, zin_academy, kennysheep_mini
D:5:      layout_basic, kennysheep_mini_moat, grunt_decor_one_mirror,
          kennysheep_generic_room_9
D:6:      layout_loops_ring, vehumet_crystals, minmay_temple_entry_stoned_glass,
          uniq_sigmund

Skill      XL: |  1  2  3  4  5  6  7  8 |
---------------+-------------------------+-----
Axes           | 3 4 5 |  5.1
Dodging        | 3 4 5 |  5.1
Armour         | 1 4 5 7 8 |  8.1
Fighting       | 4 5 |  5.7

Action                     |  1- 3 |  4- 6 |  7- 9 || total
---------------------------+-------+-------+-------++-------
  Melee: Hand axe          |    67 |   145 |       ||   212
         War axe           |       |    25 |   136 ||   161
    Use: Potion            |     1 |     1 |     2 ||     4
         Scroll            |     2 |     1 |       ||     3
 Armour: Robe              |    14 |    59 |    64 ||   137
  Dodge: Dodged            |    56 |   137 |   134 ||   327

Table legend: (Time is in decaauts)
 A = Elapsed time spent in this place.
 B = Non-inter-level travel time spent in this place.
 C = Inter-level travel time spent in this place.
 D = Time resting spent in this place.
 E = Time spent auto-exploring this place.
 F = Levels seen in this place.
 G = Mean time per level.
                   A        B        C        D        E       F      G
               +--------+--------+--------+--------+--------+-----+--------+
         Total |   4646 |   4406 |    240 |      0 |   3532 |   6 |  774.3 |
       Dungeon |   4646 |   4406 |    240 |      0 |   3532 |   6 |  774.3 |
               +--------+--------+--------+--------+--------+-----+--------+

Top non-repeatable levels by time:
     D:5: 1180 daAuts
     D:4: 1109 daAuts
     D:2: 996 daAuts
     D:3: 670 daAuts
     D:1: 530 daAuts
     D:6: 159 daAuts
